Sabres vs Blues
Created - 22 mars 2015 at 19:35
Goals
|
| Sabres |
2 |
0 |
0 |
0 |
2 |
3 |
| Blues |
0 |
0 |
2 |
0 |
1 |
2 |
|
Shots
|
| Sabres |
8 |
16 |
6 |
0 |
5 |
30 |
| Blues |
10 |
5 |
12 |
0 |
5 |
27 |
|
1st period
1. Sabres , Patrick Marleau 46 (Steve Downie, Derick Brassard) at 14:43
2. Sabres , Tomas Kopecky 18 (Todd White, Joni Pitkanen) at 17:15
Penalties :
Ole-Kristian Tollefsen (Buf) for Hooking (Minor) at 2:53, Steve Downie (Buf) for Holding (Minor) at 12:08, Paul Kariya (STL) for Hooking (Minor) at 17:20
2nd period
No Goal
Penalties :
Tomas Kopecky (Buf) for Interference (Minor) at 6:14, Paul Kariya (STL) for Roughing (Minor) at 9:41
3rd period
3. Blues , Ales Kotalik 13 (Nik Antropov) at 2:51
4. Blues , Nik Antropov 21 (Paul Kariya, Marian Hossa) at 15:09 (PP)
Penalties :
Ryan Hollweg (Buf) for Hooking (Minor) at 7:50, Kyle Calder (Buf) for Holding Stick (Minor) at 13:26, Ales Kotalik (STL) for Slashing (Minor) at 19:38
Overtime #1
No Goal
Penalties :
No Penalty
Shootout
Penalty Shot by Patrick Marleau for Sabres - Stopped by Tuukka Rask
Penalty Shot by David Perron for Blues - Stopped by Evgeni Nabokov
Penalty Shot by Niclas Bergfors for Sabres - Goal!
Penalty Shot by Joe Pavelski for Blues - Goal!
Penalty Shot by Ryan Hollweg for Sabres - Shot Misses the Net
Penalty Shot by Marian Hossa for Blues - Stopped by Evgeni Nabokov
Penalty Shot by Viktor Kozlov for Sabres - Stopped by Tuukka Rask
Penalty Shot by Travis Zajac for Blues - Stopped by Evgeni Nabokov
Penalty Shot by Derick Brassard for Sabres - Goal!
Penalty Shot by Nik Antropov for Blues - Shot Misses the Net
Penalties :
No Penalty
Goalie Stats
Evgeni Nabokov (Buf), 25 saves from 27 shots - (0,926), W, 28-26-7, 65:00 minutes
Tuukka Rask (STL), 28 saves from 30 shots - (0,933), OTL, 36-16-7, 65:00 minutes
Players Stats for Sabres
Player Name G A P +/- PIM S H SB GA TA FO MP PP MP PK MP
------------------------------------------------------------------------------------
Antoine Roussel 0 0 0 1 0 0 1 0 0 0 0/1 12:13 0:00 0:00
Cory Sarich 0 0 0 0 0 1 0 1 0 2 0/0 15:42 0:00 1:03
Derick Brassard 0 1 1 0 0 4 1 0 1 0 10/22 19:21 3:21 0:00
Jiri Hudler 0 0 0 0 0 1 2 1 0 0 4/7 13:02 0:58 0:20
Joni Pitkanen 0 1 1 1 0 3 4 2 0 1 0/0 24:15 2:34 3:44
Kyle Calder 0 0 0 0 2 1 0 0 1 0 0/0 10:21 0:00 0:57
Mike Fisher 0 0 0 0 0 4 2 0 0 0 5/8 14:15 0:00 3:03
Nicklas Lidstrom 0 0 0 0 0 1 2 5 0 1 0/0 26:52 1:45 5:55
Niclas Bergfors 0 0 0 0 0 0 2 2 1 0 1/2 16:26 3:21 0:00
Ole-Kristian Tollefsen 0 0 0 0 2 1 2 2 0 1 0/0 27:06 1:45 4:45
Patrick Marleau 1 0 1 0 0 3 3 0 1 0 1/1 19:21 3:21 0:00
Richard Lintner 0 0 0 0 0 0 1 1 0 1 0/0 17:33 2:34 0:22
Ryan Hollweg 0 0 0 0 2 2 0 0 0 0 0/1 12:33 0:58 0:00
Steve Downie 0 1 1 0 2 3 4 0 0 0 0/1 17:28 0:58 2:15
Todd White 0 1 1 0 0 0 3 0 0 0 0/1 14:35 0:00 5:40
Tomas Kopecky 1 0 1 1 2 4 0 0 0 0 0/0 12:39 0:00 1:22
Tyler Sloan 0 0 0 1 0 1 1 0 0 1 0/0 18:31 0:00 3:29
Viktor Kozlov 0 0 0 1 0 1 1 1 1 1 7/18 18:03 0:00 5:41
Players Stats for Blues
Player Name G A P +/- PIM S H SB GA TA FO MP PP MP PK MP
------------------------------------------------------------------------------------
Ales Kotalik 1 0 1 0 2 2 2 0 0 1 0/0 10:38 0:00 0:41
Andrew Cogliano 0 0 0 -1 0 0 1 0 0 0 7/12 12:24 0:00 0:39
Brent Burns 0 0 0 0 0 1 1 2 0 0 0/0 25:56 4:46 1:18
Brian Lee 0 0 0 -1 0 2 1 0 1 1 0/0 21:47 4:17 0:38
Bryce Lampman 0 0 0 -1 0 1 4 3 0 2 0/0 24:18 0:00 4:01
Dan Boyle 0 0 0 0 0 5 3 0 3 0 0/0 27:12 5:22 0:38
David Perron 0 0 0 0 0 1 1 0 0 0 0/0 15:21 3:47 0:00
Derek Boogaard 0 0 0 0 0 0 2 0 0 0 0/0 10:04 0:00 0:51
Drew Fata 0 0 0 -1 0 0 0 1 0 0 0/0 9:12 0:00 2:40
Erik Rasmussen 0 0 0 0 0 1 0 0 1 0 0/2 8:36 0:00 0:00
Joe Pavelski 0 0 0 0 0 0 1 1 0 1 1/2 18:20 3:47 0:00
Kevin Shattenkirk 0 0 0 1 0 1 2 1 0 0 0/0 21:35 4:53 2:39
Marian Hossa 0 1 1 0 0 1 2 0 2 0 2/2 17:56 5:52 0:00
Nik Antropov 1 1 2 0 0 6 3 0 0 0 13/19 20:56 5:52 2:47
Paul Kariya 0 1 1 0 4 3 4 1 1 0 0/1 22:14 5:52 0:00
Sergei Shirokov 0 0 0 -1 0 1 0 0 0 0 0/1 13:08 0:00 1:42
Taylor Pyatt 0 0 0 -1 0 1 2 1 0 0 0/2 14:49 0:00 3:36
Travis Zajac 0 0 0 0 0 1 2 0 0 0 11/21 19:34 3:47 0:00
3 Stars
1 - Nik Antropov (STL)
2 - Patrick Marleau (Buf)
3 - Joni Pitkanen (Buf)
Power Play
Sabres - 0 on 3 Attempt(s) - 0,00%
Blues - 1 on 5 Attempt(s) - 20,00%
Penalty Kill
Sabres - 4 on 5 Attempt(s) - 80,00%
- Score 0 goal in Penalty Kill
Blues - 3 on 3 Attempt(s) - 100,00%
- Score 0 goal in Penalty Kill
Team Stat
Sabres - Hits : 29 - Faceoff Wins : 28 - Blocked Shots : 15 - Penalty Minutes : 10
Blues - Hits : 31 - Faceoff Wins : 34 - Blocked Shots : 10 - Penalty Minutes : 6
Official
Referees : Kozari Steve and Banfield David
Linesman : Lonnie Cameron and Steve Miller
Game Notes
Drew Fata is injured at 15:12 of 2nd period (Lower Body)
Finance
Level 1 -- Attendance: 6000 (100,00%) -- Ticket Income 504 000 $
Level 2 -- Attendance: 4922 (98,44%) -- Ticket Income 255 944 $
Level 3 -- Attendance: 2000 (100,00%) -- Ticket Income 60 000 $
Level 4 -- Attendance: 3854 (96,35%) -- Ticket Income 73 226 $
Luxury Box -- Attendance: 799 (79,90%) -- Ticket Income 135 031 $
Game was played at the Scotttrade center'
Total Attendance: 17575 (97,64%)
Total Ticket Income: 1 028 201 $
Other Income: 154 230 $
Total Income: 1 182 431 $
Sabres
5 vs 5 Forward
Center Left Wing Right Wing Time % Phy DF OF
1 Derick Brassard Patrick Marleau Steve Downie 35 1 2 2
2 Jiri Hudler Ryan Hollweg Niclas Bergfors 28 1 2 2
3 Viktor Kozlov Antoine Roussel Tomas Kopecky 22 1 3 1
4 Mike Fisher Kyle Calder Todd White 15 1 4 0
5 vs 5 Defense
Defense Defense Time % Phy DF OF
1 Ole-Kristian Tollefsen Nicklas Lidstrom 35 1 3 1
2 Tyler Sloan Joni Pitkanen 30 1 3 1
3 Richard Lintner Cory Sarich 25 1 3 1
4 Ole-Kristian Tollefsen Joni Pitkanen 10 1 2 2
PowerPlay Forward
Center Left Wing Right Wing Time % Phy DF OF
1 Derick Brassard Patrick Marleau Niclas Bergfors 60 1 0 4
2 Jiri Hudler Ryan Hollweg Steve Downie 40 3 0 2
PowerPlay Defense
Defense Defense Time % Phy DF OF
1 Ole-Kristian Tollefsen Nicklas Lidstrom 60 1 2 2
2 Richard Lintner Joni Pitkanen 40 1 2 2
Penalty Kill 4 Players Forward
Center Wing Time % Phy DF OF
1 Viktor Kozlov Todd White 60 1 4 0
2 Mike Fisher Steve Downie 40 1 4 0
Penalty Kill 4 Players Defense
Defense Defense Time % Phy DF OF
1 Ole-Kristian Tollefsen Nicklas Lidstrom 60 1 4 0
2 Tyler Sloan Joni Pitkanen 40 1 4 0
Penalty Kill - 3 Players Forward
Forward Time % Phy DF OF
1 Viktor Kozlov 60 1 4 0
2 Todd White 40 1 4 0
Penalty Kill - 3 Players Defense
Defense Defense Time % Phy DF OF
1 Ole-Kristian Tollefsen Nicklas Lidstrom 60 1 4 0
2 Tyler Sloan Joni Pitkanen 40 1 4 0
4 vs 4 Forward
Center Wing Time % Phy DF OF
1 Derick Brassard Patrick Marleau 60 1 2 2
2 Viktor Kozlov Niclas Bergfors 40 1 3 1
4 vs 4 Defense
Defense Defense Time % Phy DF OF
1 Ole-Kristian Tollefsen Nicklas Lidstrom 60 1 3 1
2 Richard Lintner Joni Pitkanen 40 1 3 1
Last Minutes Offensive
Center Left Wing Right Wing Defense Defense
Derick Brassard Patrick Marleau Niclas Bergfors Ole-Kristian Tollefsen Joni Pitkanen
Last Minutes Defensive
Center Left Wing Right Wing Defense Defense
Viktor Kozlov Todd White Steve Downie Ole-Kristian Tollefsen Joni Pitkanen
Goaltenders
Starting : Evgeni Nabokov
Backup : Michal Neuvirth
Extra Forwards
Normal : Antoine Roussel, Mike Fisher, Viktor Kozlov - PP : Viktor Kozlov, Tomas Kopecky - PK : Tomas Kopecky
Extra Defensemen
Normal : Cory Sarich, Richard Lintner, Tyler Sloan - PP : Cory Sarich - PK : Cory Sarich, Richard Lintner
Penalty Shots
Patrick Marleau, Niclas Bergfors, Ryan Hollweg, Viktor Kozlov, Derick Brassard
Blues
5 vs 5 Forward
Center Left Wing Right Wing Time % Phy DF OF
1 Travis Zajac Paul Kariya Joe Pavelski 40 1 2 2
2 Nik Antropov David Perron Marian Hossa 30 1 2 2
3 Andrew Cogliano Taylor Pyatt Sergei Shirokov 20 1 2 2
4 Erik Rasmussen Derek Boogaard Ales Kotalik 10 1 2 2
5 vs 5 Defense
Defense Defense Time % Phy DF OF
1 Dan Boyle Bryce Lampman 40 1 2 2
2 Brent Burns Brian Lee 30 1 2 2
3 Drew Fata Kevin Shattenkirk 20 1 2 2
4 Dan Boyle Brent Burns 10 1 2 2
PowerPlay Forward
Center Left Wing Right Wing Time % Phy DF OF
1 Nik Antropov Paul Kariya Marian Hossa 60 1 2 2
2 Travis Zajac David Perron Joe Pavelski 40 1 2 2
PowerPlay Defense
Defense Defense Time % Phy DF OF
1 Dan Boyle Brent Burns 60 1 2 2
2 Brian Lee Kevin Shattenkirk 40 1 2 2
Penalty Kill 4 Players Forward
Center Wing Time % Phy DF OF
1 Nik Antropov Taylor Pyatt 60 1 2 2
2 Ales Kotalik Sergei Shirokov 40 1 2 2
Penalty Kill 4 Players Defense
Defense Defense Time % Phy DF OF
1 Bryce Lampman Drew Fata 60 1 2 2
2 Brent Burns Kevin Shattenkirk 40 1 2 2
Penalty Kill - 3 Players Forward
Forward Time % Phy DF OF
1 Taylor Pyatt 60 1 2 2
2 Ales Kotalik 40 1 2 2
Penalty Kill - 3 Players Defense
Defense Defense Time % Phy DF OF
1 Drew Fata Bryce Lampman 60 1 2 2
2 Brian Lee Dan Boyle 40 1 2 2
4 vs 4 Forward
Center Wing Time % Phy DF OF
1 Travis Zajac Paul Kariya 60 1 2 2
2 Nik Antropov Marian Hossa 40 1 2 2
4 vs 4 Defense
Defense Defense Time % Phy DF OF
1 Dan Boyle Bryce Lampman 60 1 2 2
2 Brent Burns Brian Lee 40 1 2 2
Last Minutes Offensive
Center Left Wing Right Wing Defense Defense
Travis Zajac Paul Kariya Marian Hossa Dan Boyle Brent Burns
Last Minutes Defensive
Center Left Wing Right Wing Defense Defense
Nik Antropov Taylor Pyatt Sergei Shirokov Bryce Lampman Drew Fata
Goaltenders
Starting : Tuukka Rask
Backup : Cory Schneider
Extra Forwards
Normal : Andrew Cogliano, Taylor Pyatt, Sergei Shirokov - PP : Andrew Cogliano, Taylor Pyatt - PK : Sergei Shirokov
Extra Defensemen
Normal : Brian Lee, Kevin Shattenkirk, Bryce Lampman - PP : Brian Lee - PK : Kevin Shattenkirk, Dan Boyle
Penalty Shots
David Perron, Joe Pavelski, Marian Hossa, Travis Zajac, Nik Antropov
% Time on Ice - Sabres
Lines # - Real PCT - Wanted PCT - Time Play
Normal Forward
1 - 31% - 35% - 14:11
2 - 26% - 28% - 12:03
3 - 24% - 22% - 10:53
4 - 19% - 15% - 8:55
Normal Defense
1 - 38% - 35% - 17:25
2 - 31% - 30% - 14:08
3 - 27% - 25% - 12:20
4 - 5% - 10% - 2:09
PP Forward
1 - 78% - 60% - 3:21
2 - 22% - 40% - 0:58
PP Defense
1 - 41% - 60% - 1:45
2 - 59% - 40% - 2:34
PK Forward
1 - 68% - 60% - 6:36
2 - 32% - 40% - 3:03
PK Defense
1 - 64% - 60% - 6:10
2 - 36% - 40% - 3:29
PK3 Forward
1 - 0% - 60%
2 - 0% - 40%
PK3 Defense
1 - 0% - 60%
2 - 0% - 40%
44 Forward
1 - 72% - 60% - 3:37
2 - 28% - 40% - 1:23
44 Defense
1 - 51% - 60% - 2:33
2 - 49% - 40% - 2:27
Last Minute Offensive - 0:00
Last Minute Defensive - 0:00
Total
Forward - 65:00
Defense - 65:00
|
% Time on Ice - Blues
Lines # - Real PCT - Wanted PCT - Time Play
Normal Forward
1 - 32% - 40% - 14:42
2 - 27% - 30% - 12:30
3 - 22% - 20% - 10:14
4 - 19% - 10% - 8:36
Normal Defense
1 - 38% - 40% - 17:25
2 - 30% - 30% - 13:57
3 - 26% - 20% - 12:09
4 - 5% - 10% - 2:31
PP Forward
1 - 61% - 60% - 5:52
2 - 39% - 40% - 3:47
PP Defense
1 - 56% - 60% - 5:22
2 - 44% - 40% - 4:17
PK Forward
1 - 84% - 60% - 3:38
2 - 16% - 40% - 0:41
PK Defense
1 - 70% - 60% - 3:01
2 - 30% - 40% - 1:18
PK3 Forward
1 - 62% - 60% - 1:01
2 - 38% - 40% - 0:37
PK3 Defense
1 - 61% - 60% - 1:00
2 - 39% - 40% - 0:38
44 Forward
1 - 83% - 60% - 2:48
2 - 17% - 40% - 0:34
44 Defense
1 - 56% - 60% - 1:54
2 - 44% - 40% - 1:28
Last Minute Offensive - 0:00
Last Minute Defensive - 0:00
Total
Forward - 65:00
Defense - 65:00
|
Play by Play
1st period
0:01 of 1st period - Derick Brassard wins face-off versus Travis Zajac in neutral zone.
0:04 of 1st period - Snap shot by Derick Brassard.
0:04 of 1st period - Shot Misses the Net.
0:45 of 1st period - Brian Lee is hit by Viktor Kozlov and loses puck.
1:56 of 1st period - Snap shot by Jiri Hudler.
1:56 of 1st period - Shot Misses the Net.
1:58 of 1st period - Snap shot by Ryan Hollweg.
1:58 of 1st period - Stopped by Tuukka Rask without a rebound.
1:59 of 1st period - Viktor Kozlov wins face-off versus Andrew Cogliano in Blues zone.
2:14 of 1st period - Wrist shot by Viktor Kozlov.
2:14 of 1st period - Shot Misses the Net.
2:26 of 1st period - Kevin Shattenkirk is hit by Steve Downie and loses puck.
2:31 of 1st period - Snap shot by Derick Brassard.
2:31 of 1st period - Deflect By Patrick Marleau.
2:31 of 1st period - Shot Misses the Net.
2:31 of 1st period - Puck is out of play.
2:32 of 1st period - Nik Antropov wins face-off versus Derick Brassard in Blues zone.
2:38 of 1st period - Dan Boyle is hit by Joni Pitkanen and loses puck.
2:41 of 1st period - Wrist shot by Marian Hossa.
2:41 of 1st period - Shot Misses the Net.
2:43 of 1st period - Wrist shot by Nik Antropov.
2:43 of 1st period - Stopped by Evgeni Nabokov with a rebound.
2:53 of 1st period - Minor Penalty to Ole-Kristian Tollefsen for Hooking.
2:54 of 1st period - Nik Antropov wins face-off versus Viktor Kozlov in Sabres zone.
2:55 of 1st period - Slapshot by Marian Hossa.
2:55 of 1st period - Shot Blocked by Cory Sarich.
2:57 of 1st period - Slapshot by Marian Hossa.
2:57 of 1st period - Stopped by Evgeni Nabokov without a rebound.
2:58 of 1st period - Nik Antropov wins face-off versus Viktor Kozlov in Sabres zone.
3:10 of 1st period - Slapshot by Brent Burns.
3:10 of 1st period - Stopped by Evgeni Nabokov with a rebound.
3:14 of 1st period - Slapshot by Paul Kariya.
3:14 of 1st period - Stopped by Evgeni Nabokov with a rebound.
3:26 of 1st period - Wrist shot by Travis Zajac.
3:26 of 1st period - Shot Misses the Net.
3:28 of 1st period - Slapshot by Dan Boyle.
3:28 of 1st period - Stopped by Evgeni Nabokov with a rebound.
3:30 of 1st period - Snap shot by David Perron.
3:30 of 1st period - Shot Misses the Net.
3:32 of 1st period - Snap shot by Travis Zajac.
3:32 of 1st period - Shot Misses the Net.
3:54 of 1st period - Tyler Sloan is hit by Paul Kariya and loses puck.
4:53 of 1st period - Penalty to Ole-Kristian Tollefsen is over, Ole-Kristian Tollefsen is back on ice.
5:36 of 1st period - Icing by Antoine Roussel.
5:37 of 1st period - Andrew Cogliano wins face-off versus Mike Fisher in Sabres zone.
5:38 of 1st period - Wrist shot by Sergei Shirokov.
5:38 of 1st period - Deflect By Andrew Cogliano.
5:38 of 1st period - Shot Misses the Net.
5:38 of 1st period - Puck is out of play.
5:39 of 1st period - Mike Fisher wins face-off versus Andrew Cogliano in Sabres zone.
7:21 of 1st period - Snap shot by Mike Fisher.
7:21 of 1st period - Stopped by Tuukka Rask without a rebound.
7:22 of 1st period - Andrew Cogliano wins face-off versus Derick Brassard in Blues zone.
7:27 of 1st period - Wrist shot by Dan Boyle.
7:27 of 1st period - Stopped by Evgeni Nabokov without a rebound.
7:28 of 1st period - Derick Brassard wins face-off versus Andrew Cogliano in Sabres zone.
7:33 of 1st period - Slapshot by Steve Downie.
7:33 of 1st period - Shot Misses the Net.
8:13 of 1st period - Snap shot by Steve Downie.
8:13 of 1st period - Stopped by Tuukka Rask with a rebound.
8:29 of 1st period - Snap shot by Patrick Marleau.
8:29 of 1st period - Stopped by Tuukka Rask without a rebound.
8:30 of 1st period - Travis Zajac wins face-off versus Jiri Hudler in Blues zone.
8:35 of 1st period - Jiri Hudler is hit by Kevin Shattenkirk and loses puck.
9:07 of 1st period - Backhand shot by Nik Antropov.
9:07 of 1st period - Stopped by Evgeni Nabokov without a rebound.
9:08 of 1st period - Jiri Hudler wins face-off versus Paul Kariya in Sabres zone.
9:23 of 1st period - Wrist shot by Travis Zajac.
9:23 of 1st period - Shot Misses the Net.
10:19 of 1st period - Mike Fisher is hit by Joe Pavelski and loses puck.
11:22 of 1st period - Wrist shot by David Perron.
11:22 of 1st period - Shot Hit the Post.
12:08 of 1st period - Minor Penalty to Steve Downie for Holding.
12:09 of 1st period - Nik Antropov wins face-off versus Viktor Kozlov in Sabres zone.
12:18 of 1st period - Slapshot by Marian Hossa.
12:18 of 1st period - Shot Misses the Net.
12:20 of 1st period - Slapshot by Kevin Shattenkirk.
12:20 of 1st period - Shot Misses the Net.
12:42 of 1st period - Wrist shot by Mike Fisher.
12:42 of 1st period - Shot Blocked by Joe Pavelski.
13:12 of 1st period - Mike Fisher is hit by Paul Kariya and loses puck.
14:08 of 1st period - Penalty to Steve Downie is over, Steve Downie is back on ice.
14:36 of 1st period - Sergei Shirokov is hit by Patrick Marleau and loses puck.
14:41 of 1st period - Snap shot by Steve Downie.
14:41 of 1st period - Shot Misses the Net.
14:43 of 1st period - Snap shot by Steve Downie.
14:43 of 1st period - Deflect By Patrick Marleau.
14:43 of 1st period - Goal by Patrick Marleau - Sabres : 1 - Blues : 0.
14:44 of 1st period - Travis Zajac wins face-off versus Derick Brassard in neutral zone.
14:49 of 1st period - Slapshot by Paul Kariya.
14:49 of 1st period - Stopped by Evgeni Nabokov without a rebound.
14:50 of 1st period - Derick Brassard wins face-off versus Travis Zajac in Sabres zone.
14:50 of 1st period - Derick Brassard is hit by Paul Kariya.
16:01 of 1st period - Snap shot by Derick Brassard.
16:01 of 1st period - Stopped by Tuukka Rask without a rebound.
16:02 of 1st period - Joe Pavelski wins face-off versus Derick Brassard in Blues zone.
16:29 of 1st period - Snap shot by Marian Hossa.
16:29 of 1st period - Shot Misses the Net.
16:31 of 1st period - Slapshot by Dan Boyle.
16:31 of 1st period - Shot Misses the Net.
16:33 of 1st period - Slapshot by Bryce Lampman.
16:33 of 1st period - Shot Blocked by Richard Lintner.
16:59 of 1st period - Slapshot by Sergei Shirokov.
16:59 of 1st period - Stopped by Evgeni Nabokov with a rebound.
17:01 of 1st period - Snap shot by Taylor Pyatt.
17:01 of 1st period - Stopped by Evgeni Nabokov with a rebound.
17:15 of 1st period - Slapshot by Tomas Kopecky.
17:15 of 1st period - Goal by Tomas Kopecky - Sabres : 2 - Blues : 0.
17:16 of 1st period - Derick Brassard wins face-off versus Travis Zajac in neutral zone.
17:20 of 1st period - Minor Penalty to Paul Kariya for Hooking.
17:21 of 1st period - Derick Brassard wins face-off versus Taylor Pyatt in Blues zone.
17:31 of 1st period - Slapshot by Derick Brassard.
17:31 of 1st period - Shot Misses the Net.
17:33 of 1st period - Wrist shot by Patrick Marleau.
17:33 of 1st period - Deflect By Derick Brassard.
17:33 of 1st period - Shot Misses the Net.
17:33 of 1st period - Puck is out of play.
17:34 of 1st period - Nik Antropov wins face-off versus Niclas Bergfors in Blues zone.
18:09 of 1st period - Slapshot by Ole-Kristian Tollefsen.
18:09 of 1st period - Stopped by Tuukka Rask with a rebound.
19:01 of 1st period - Bryce Lampman is hit by Steve Downie.
19:20 of 1st period - Penalty to Paul Kariya is over, Paul Kariya is back on ice.
19:39 of 1st period - Snap shot by Sergei Shirokov.
19:39 of 1st period - Shot Misses the Net.
19:50 of 1st period - Off-side.
19:51 of 1st period - Mike Fisher wins face-off versus Travis Zajac in neutral zone.
Goals for this period are 2 for Sabres vs 0 for Blues.
Shots for this period are 8 for Sabres vs 10 for Blues.
2nd period
0:01 of 2nd period - Travis Zajac wins face-off versus Derick Brassard in neutral zone.
0:26 of 2nd period - Nicklas Lidstrom is hit by Bryce Lampman and loses puck.
1:08 of 2nd period - Backhand shot by Mike Fisher.
1:08 of 2nd period - Stopped by Tuukka Rask without a rebound.
1:09 of 2nd period - Mike Fisher wins face-off versus Erik Rasmussen in Blues zone.
1:29 of 2nd period - Snap shot by Mike Fisher.
1:29 of 2nd period - Shot Misses the Net.
1:31 of 2nd period - Snap shot by Mike Fisher.
1:31 of 2nd period - Stopped by Tuukka Rask with a rebound.
1:39 of 2nd period - Snap shot by Nicklas Lidstrom.
1:39 of 2nd period - Deflect By Brian Lee.
1:39 of 2nd period - Stopped by Tuukka Rask with a rebound.
1:41 of 2nd period - Wrist shot by Mike Fisher.
1:41 of 2nd period - Stopped by Tuukka Rask with a rebound.
1:43 of 2nd period - Slapshot by Todd White.
1:43 of 2nd period - Shot Misses the Net.
2:01 of 2nd period - Snap shot by Ales Kotalik.
2:01 of 2nd period - Shot Misses the Net.
2:11 of 2nd period - Snap shot by Mike Fisher.
2:11 of 2nd period - Deflect By Kyle Calder.
2:11 of 2nd period - Stopped by Tuukka Rask without a rebound.
2:12 of 2nd period - Travis Zajac wins face-off versus Derick Brassard in Blues zone.
2:23 of 2nd period - Joe Pavelski is hit by Derick Brassard and loses puck.
2:40 of 2nd period - David Perron is hit by Jiri Hudler and loses puck.
2:47 of 2nd period - Snap shot by Niclas Bergfors.
2:47 of 2nd period - Shot Blocked by Bryce Lampman.
2:49 of 2nd period - Snap shot by Joni Pitkanen.
2:49 of 2nd period - Stopped by Tuukka Rask with a rebound.
2:59 of 2nd period - Wrist shot by Tomas Kopecky.
2:59 of 2nd period - Stopped by Tuukka Rask without a rebound.
3:00 of 2nd period - Andrew Cogliano wins face-off versus Antoine Roussel in Blues zone.
3:00 of 2nd period - Andrew Cogliano is hit by Richard Lintner.
3:46 of 2nd period - Cory Sarich is hit by Nik Antropov and loses puck.
4:13 of 2nd period - Slapshot by Mike Fisher.
4:13 of 2nd period - Shot Misses the Net.
4:15 of 2nd period - Wrist shot by Kyle Calder.
4:15 of 2nd period - Shot Misses the Net.
4:27 of 2nd period - Backhand shot by Viktor Kozlov.
4:27 of 2nd period - Stopped by Tuukka Rask without a rebound.
4:28 of 2nd period - Viktor Kozlov wins face-off versus Travis Zajac in Blues zone.
4:29 of 2nd period - Wrist shot by Nicklas Lidstrom.
4:29 of 2nd period - Shot Blocked by Paul Kariya.
4:31 of 2nd period - Slapshot by Viktor Kozlov.
4:31 of 2nd period - Deflect By Tomas Kopecky.
4:31 of 2nd period - Shot Hit the Post.
4:31 of 2nd period - Puck is out of play.
4:32 of 2nd period - Derick Brassard wins face-off versus Travis Zajac in Blues zone.
4:39 of 2nd period - Wrist shot by Derick Brassard.
4:39 of 2nd period - Shot Misses the Net.
5:48 of 2nd period - Slapshot by Brent Burns.
5:48 of 2nd period - Shot Misses the Net.
5:50 of 2nd period - Wrist shot by Erik Rasmussen.
5:50 of 2nd period - Shot Misses the Net.
5:52 of 2nd period - Snap shot by Ales Kotalik.
5:52 of 2nd period - Stopped by Evgeni Nabokov without a rebound.
5:53 of 2nd period - Travis Zajac wins face-off versus Viktor Kozlov in Sabres zone.
5:56 of 2nd period - Snap shot by Travis Zajac.
5:56 of 2nd period - Shot Blocked by Joni Pitkanen.
6:14 of 2nd period - Minor Penalty to Tomas Kopecky for Interference.
6:15 of 2nd period - Nik Antropov wins face-off versus Todd White in Sabres zone.
6:20 of 2nd period - Snap shot by Paul Kariya.
6:20 of 2nd period - Deflect By Marian Hossa.
6:20 of 2nd period - Shot Blocked by Nicklas Lidstrom.
6:20 of 2nd period - Puck is out of play.
6:21 of 2nd period - Nik Antropov wins face-off versus Viktor Kozlov in Sabres zone.
6:28 of 2nd period - Snap shot by Marian Hossa.
6:28 of 2nd period - Shot Blocked by Nicklas Lidstrom.
6:30 of 2nd period - Slapshot by Dan Boyle.
6:30 of 2nd period - Shot Blocked by Nicklas Lidstrom.
6:32 of 2nd period - Wrist shot by Nik Antropov.
6:32 of 2nd period - Stopped by Evgeni Nabokov with a rebound.
6:34 of 2nd period - Wrist shot by Paul Kariya.
6:34 of 2nd period - Shot Blocked by Nicklas Lidstrom.
6:36 of 2nd period - Snap shot by Nik Antropov.
6:36 of 2nd period - Stopped by Evgeni Nabokov without a rebound.
6:37 of 2nd period - Nik Antropov wins face-off versus Viktor Kozlov in Sabres zone.
6:48 of 2nd period - Slapshot by Paul Kariya.
6:48 of 2nd period - Shot Blocked by Ole-Kristian Tollefsen.
6:50 of 2nd period - Slapshot by Brent Burns.
6:50 of 2nd period - Shot Misses the Net.
7:40 of 2nd period - Jiri Hudler is hit by Travis Zajac and loses puck.
8:04 of 2nd period - Icing by Brent Burns.
8:05 of 2nd period - Nik Antropov wins face-off versus Mike Fisher in Blues zone.
8:14 of 2nd period - Penalty to Tomas Kopecky is over, Tomas Kopecky is back on ice.
8:26 of 2nd period - Wrist shot by Mike Fisher.
8:26 of 2nd period - Shot Misses the Net.
8:48 of 2nd period - Wrist shot by Jiri Hudler.
8:48 of 2nd period - Shot Blocked by Kevin Shattenkirk.
9:41 of 2nd period - Minor Penalty to Paul Kariya for Roughing.
9:42 of 2nd period - Patrick Marleau wins face-off versus Nik Antropov in Blues zone.
9:52 of 2nd period - Off-side.
9:53 of 2nd period - Derick Brassard wins face-off versus Nik Antropov in neutral zone.
10:02 of 2nd period - Wrist shot by Derick Brassard.
10:02 of 2nd period - Deflect By Patrick Marleau.
10:02 of 2nd period - Shot Misses the Net.
10:02 of 2nd period - Puck is out of play.
10:03 of 2nd period - Niclas Bergfors wins face-off versus Nik Antropov in Blues zone.
11:13 of 2nd period - Slapshot by Richard Lintner.
11:13 of 2nd period - Shot Blocked by Drew Fata.
11:33 of 2nd period - Snap shot by Derick Brassard.
11:33 of 2nd period - Stopped by Tuukka Rask without a rebound.
11:34 of 2nd period - Nik Antropov wins face-off versus Jiri Hudler in Blues zone.
11:41 of 2nd period - Penalty to Paul Kariya is over, Paul Kariya is back on ice.
11:49 of 2nd period - Slapshot by Jiri Hudler.
11:49 of 2nd period - Stopped by Tuukka Rask with a rebound.
12:24 of 2nd period - Mike Fisher is hit by Dan Boyle and loses puck.
13:28 of 2nd period - Joni Pitkanen is hit by Taylor Pyatt.
13:55 of 2nd period - David Perron is hit by Todd White and loses puck.
14:39 of 2nd period - Snap shot by Dan Boyle.
14:39 of 2nd period - Stopped by Evgeni Nabokov with a rebound.
14:47 of 2nd period - Derek Boogaard is hit by Niclas Bergfors and loses puck.
14:58 of 2nd period - Kyle Calder is hit by Paul Kariya and loses puck.
15:11 of 2nd period - Drew Fata is hit by Mike Fisher.
15:12 of 2nd period - Drew Fata from Blues is injured at 15:12 of 2nd period (Lower Body).
15:13 of 2nd period - Derick Brassard wins face-off versus Joe Pavelski in Blues zone.
15:14 of 2nd period - Snap shot by Steve Downie.
15:14 of 2nd period - Stopped by Tuukka Rask with a rebound.
15:16 of 2nd period - Snap shot by Derick Brassard.
15:16 of 2nd period - Shot Misses the Net.
15:18 of 2nd period - Snap shot by Tyler Sloan.
15:18 of 2nd period - Deflect By Steve Downie.
15:18 of 2nd period - Stopped by Tuukka Rask with a rebound.
15:20 of 2nd period - Slapshot by Tyler Sloan.
15:20 of 2nd period - Shot Blocked by Bryce Lampman.
15:22 of 2nd period - Slapshot by Patrick Marleau.
15:22 of 2nd period - Shot Misses the Net.
15:24 of 2nd period - Slapshot by Joni Pitkanen.
15:24 of 2nd period - Shot Misses the Net.
15:38 of 2nd period - Bryce Lampman is hit by Joni Pitkanen and loses puck.
15:45 of 2nd period - Snap shot by Jiri Hudler.
15:45 of 2nd period - Shot Misses the Net.
16:07 of 2nd period - Taylor Pyatt is hit by Nicklas Lidstrom.
16:22 of 2nd period - Icing by Richard Lintner.
16:23 of 2nd period - Viktor Kozlov wins face-off versus Travis Zajac in Sabres zone.
17:20 of 2nd period - Snap shot by Joni Pitkanen.
17:20 of 2nd period - Stopped by Tuukka Rask without a rebound.
17:21 of 2nd period - Nik Antropov wins face-off versus Derick Brassard in Blues zone.
17:46 of 2nd period - Kevin Shattenkirk is hit by Todd White.
17:50 of 2nd period - Nicklas Lidstrom is hit by David Perron and loses puck.
18:03 of 2nd period - Kyle Calder is hit by Marian Hossa and loses puck.
18:38 of 2nd period - Todd White is hit by Kevin Shattenkirk and loses puck.
18:57 of 2nd period - Snap shot by Nik Antropov.
18:57 of 2nd period - Stopped by Evgeni Nabokov without a rebound.
18:58 of 2nd period - Travis Zajac wins face-off versus Derick Brassard in Sabres zone.
19:07 of 2nd period - Slapshot by Joni Pitkanen.
19:07 of 2nd period - Stopped by Tuukka Rask with a rebound.
19:23 of 2nd period - Patrick Marleau is hit by Derek Boogaard.
19:27 of 2nd period - Derek Boogaard is hit by Patrick Marleau and loses puck.
19:50 of 2nd period - Wrist shot by Derick Brassard.
19:50 of 2nd period - Shot Misses the Net.
19:52 of 2nd period - Snap shot by Patrick Marleau.
19:52 of 2nd period - Stopped by Tuukka Rask with a rebound.
19:54 of 2nd period - Wrist shot by Derick Brassard.
19:54 of 2nd period - Stopped by Tuukka Rask with a rebound.
Goals for this period are 0 for Sabres vs 0 for Blues.
Shots for this period are 16 for Sabres vs 5 for Blues.
3rd period
0:01 of 3rd period - Travis Zajac wins face-off versus Steve Downie in neutral zone.
0:14 of 3rd period - Slapshot by Patrick Marleau.
0:14 of 3rd period - Deflect By Derick Brassard.
0:14 of 3rd period - Shot Misses the Net.
0:14 of 3rd period - Puck is out of play.
0:15 of 3rd period - Jiri Hudler wins face-off versus Nik Antropov in Blues zone.
0:22 of 3rd period - Ryan Hollweg is hit by Nik Antropov and loses puck.
0:52 of 3rd period - Snap shot by Paul Kariya.
0:52 of 3rd period - Shot Misses the Net.
0:54 of 3rd period - Backhand shot by Bryce Lampman.
0:54 of 3rd period - Deflect By Steve Downie.
0:54 of 3rd period - Stopped by Evgeni Nabokov without a rebound.
0:55 of 3rd period - Andrew Cogliano wins face-off versus Jiri Hudler in Sabres zone.
1:01 of 3rd period - Off-side.
1:02 of 3rd period - Andrew Cogliano wins face-off versus Ryan Hollweg in neutral zone.
1:02 of 3rd period - Andrew Cogliano is hit by Joni Pitkanen.
2:01 of 3rd period - Wrist shot by Tomas Kopecky.
2:01 of 3rd period - Stopped by Tuukka Rask without a rebound.
2:02 of 3rd period - Travis Zajac wins face-off versus Derick Brassard in Blues zone.
2:02 of 3rd period - Travis Zajac is hit by Nicklas Lidstrom.
2:51 of 3rd period - Slapshot by Ales Kotalik.
2:51 of 3rd period - Goal by Ales Kotalik - Sabres : 2 - Blues : 1.
2:52 of 3rd period - Jiri Hudler wins face-off versus Travis Zajac in neutral zone.
3:40 of 3rd period - Slapshot by Brian Lee.
3:40 of 3rd period - Deflect By Erik Rasmussen.
3:40 of 3rd period - Stopped by Evgeni Nabokov without a rebound.
3:41 of 3rd period - Mike Fisher wins face-off versus Erik Rasmussen in Sabres zone.
3:41 of 3rd period - Mike Fisher is hit by Bryce Lampman.
3:53 of 3rd period - Ales Kotalik is hit by Todd White.
4:09 of 3rd period - Wrist shot by Cory Sarich.
4:09 of 3rd period - Stopped by Tuukka Rask with a rebound.
4:11 of 3rd period - Slapshot by Derick Brassard.
4:11 of 3rd period - Stopped by Tuukka Rask without a rebound.
4:12 of 3rd period - Travis Zajac wins face-off versus Derick Brassard in Blues zone.
5:07 of 3rd period - Slapshot by Nicklas Lidstrom.
5:07 of 3rd period - Deflect By Ryan Hollweg.
5:07 of 3rd period - Stopped by Tuukka Rask with a rebound.
5:56 of 3rd period - Wrist shot by Kyle Calder.
5:56 of 3rd period - Shot Misses the Net.
6:15 of 3rd period - Andrew Cogliano is hit by Niclas Bergfors and loses puck.
6:32 of 3rd period - Antoine Roussel is hit by Nik Antropov and loses puck.
7:00 of 3rd period - Brent Burns is hit by Steve Downie.
7:24 of 3rd period - Slapshot by Travis Zajac.
7:24 of 3rd period - Shot Blocked by Jiri Hudler.
7:38 of 3rd period - Slapshot by Marian Hossa.
7:38 of 3rd period - Shot Blocked by Niclas Bergfors.
7:40 of 3rd period - Slapshot by Nik Antropov.
7:40 of 3rd period - Shot Blocked by Niclas Bergfors.
7:42 of 3rd period - Slapshot by Nik Antropov.
7:42 of 3rd period - Shot Misses the Net.
7:44 of 3rd period - Slapshot by Kevin Shattenkirk.
7:44 of 3rd period - Shot Misses the Net.
7:50 of 3rd period - Minor Penalty to Ryan Hollweg for Hooking.
7:51 of 3rd period - Viktor Kozlov wins face-off versus Nik Antropov in Sabres zone.
7:51 of 3rd period - Viktor Kozlov is hit by Marian Hossa.
8:17 of 3rd period - Icing by Marian Hossa.
8:18 of 3rd period - Marian Hossa wins face-off versus Viktor Kozlov in Blues zone.
8:18 of 3rd period - Marian Hossa is hit by Joni Pitkanen.
8:24 of 3rd period - Slapshot by Brian Lee.
8:24 of 3rd period - Deflect By Joni Pitkanen.
8:24 of 3rd period - Stopped by Evgeni Nabokov with a rebound.
8:28 of 3rd period - Snap shot by Paul Kariya.
8:28 of 3rd period - Stopped by Evgeni Nabokov without a rebound.
8:29 of 3rd period - Viktor Kozlov wins face-off versus Travis Zajac in Sabres zone.
8:34 of 3rd period - Snap shot by Todd White.
8:34 of 3rd period - Shot Blocked by Brent Burns.
9:50 of 3rd period - Penalty to Ryan Hollweg is over, Ryan Hollweg is back on ice.
9:56 of 3rd period - Steve Downie is hit by Dan Boyle and loses puck.
10:11 of 3rd period - Steve Downie is hit by Ales Kotalik and loses puck.
10:22 of 3rd period - Joni Pitkanen is hit by Andrew Cogliano and loses puck.
10:59 of 3rd period - Marian Hossa is hit by Steve Downie and loses puck.
11:31 of 3rd period - Derick Brassard is hit by Brent Burns.
11:47 of 3rd period - Ole-Kristian Tollefsen is hit by Ales Kotalik and loses puck.
11:56 of 3rd period - Ales Kotalik is hit by Patrick Marleau and loses puck.
12:08 of 3rd period - Derek Boogaard is hit by Ole-Kristian Tollefsen and loses puck.
12:15 of 3rd period - Nicklas Lidstrom is hit by Bryce Lampman and loses puck.
12:24 of 3rd period - Snap shot by Derick Brassard.
12:24 of 3rd period - Shot Blocked by Bryce Lampman.
12:26 of 3rd period - Slapshot by Tyler Sloan.
12:26 of 3rd period - Stopped by Tuukka Rask without a rebound.
12:27 of 3rd period - Travis Zajac wins face-off versus Viktor Kozlov in Blues zone.
13:03 of 3rd period - Kevin Shattenkirk is hit by Antoine Roussel and loses puck.
13:14 of 3rd period - Slapshot by Joe Pavelski.
13:14 of 3rd period - Deflect By Travis Zajac.
13:14 of 3rd period - Shot Misses the Net.
13:14 of 3rd period - Puck is out of play.
13:15 of 3rd period - Mike Fisher wins face-off versus Nik Antropov in Sabres zone.
13:26 of 3rd period - Minor Penalty to Kyle Calder for Holding Stick.
13:27 of 3rd period - Marian Hossa wins face-off versus Viktor Kozlov in Sabres zone.
13:43 of 3rd period - Slapshot by Dan Boyle.
13:43 of 3rd period - Stopped by Evgeni Nabokov without a rebound.
13:44 of 3rd period - Travis Zajac wins face-off versus Viktor Kozlov in Sabres zone.
14:11 of 3rd period - Wrist shot by Marian Hossa.
14:11 of 3rd period - Shot Misses the Net.
14:13 of 3rd period - Wrist shot by Paul Kariya.
14:13 of 3rd period - Shot Misses the Net.
14:15 of 3rd period - Snap shot by Marian Hossa.
14:15 of 3rd period - Shot Misses the Net.
14:17 of 3rd period - Slapshot by Brian Lee.
14:17 of 3rd period - Stopped by Evgeni Nabokov without a rebound.
14:18 of 3rd period - Nik Antropov wins face-off versus Mike Fisher in Sabres zone.
14:35 of 3rd period - Slapshot by Kevin Shattenkirk.
14:35 of 3rd period - Stopped by Evgeni Nabokov with a rebound.
14:37 of 3rd period - Wrist shot by Nik Antropov.
14:37 of 3rd period - Shot Blocked by Joni Pitkanen.
14:39 of 3rd period - Slapshot by Paul Kariya.
14:39 of 3rd period - Shot Blocked by Viktor Kozlov.
15:07 of 3rd period - Snap shot by Nik Antropov.
15:07 of 3rd period - Shot Misses the Net.
15:09 of 3rd period - Slapshot by Nik Antropov.
15:09 of 3rd period - Goal by Nik Antropov - Sabres : 2 - Blues : 2.
15:10 of 3rd period - Andrew Cogliano wins face-off versus Derick Brassard in neutral zone.
15:15 of 3rd period - Slapshot by Dan Boyle.
15:15 of 3rd period - Stopped by Evgeni Nabokov without a rebound.
15:16 of 3rd period - Derick Brassard wins face-off versus Andrew Cogliano in Sabres zone.
15:25 of 3rd period - Bryce Lampman is hit by Ole-Kristian Tollefsen and loses puck.
15:54 of 3rd period - Snap shot by David Perron.
15:54 of 3rd period - Stopped by Evgeni Nabokov without a rebound.
15:55 of 3rd period - Viktor Kozlov wins face-off versus Sergei Shirokov in Sabres zone.
15:55 of 3rd period - Viktor Kozlov is hit by Brian Lee.
16:09 of 3rd period - Snap shot by Tomas Kopecky.
16:09 of 3rd period - Stopped by Tuukka Rask with a rebound.
16:46 of 3rd period - Off-side.
16:47 of 3rd period - Jiri Hudler wins face-off versus Travis Zajac in neutral zone.
17:21 of 3rd period - Snap shot by Joe Pavelski.
17:21 of 3rd period - Shot Blocked by Nicklas Lidstrom.
17:32 of 3rd period - Snap shot by Paul Kariya.
17:32 of 3rd period - Shot Blocked by Ole-Kristian Tollefsen.
17:42 of 3rd period - Wrist shot by Travis Zajac.
17:42 of 3rd period - Stopped by Evgeni Nabokov without a rebound.
17:43 of 3rd period - Viktor Kozlov wins face-off versus Andrew Cogliano in Sabres zone.
18:10 of 3rd period - Marian Hossa is hit by Mike Fisher and loses puck.
18:15 of 3rd period - Wrist shot by Kyle Calder.
18:15 of 3rd period - Shot Blocked by Brent Burns.
18:56 of 3rd period - Ole-Kristian Tollefsen is hit by Taylor Pyatt and loses puck.
19:17 of 3rd period - Nicklas Lidstrom is hit by Derek Boogaard.
19:20 of 3rd period - Off-side.
19:21 of 3rd period - Andrew Cogliano wins face-off versus Viktor Kozlov in neutral zone.
19:38 of 3rd period - Minor Penalty to Ales Kotalik for Slashing.
19:39 of 3rd period - Nik Antropov wins face-off versus Derick Brassard in Blues zone.
Goals for this period are 0 for Sabres vs 2 for Blues.
Shots for this period are 6 for Sabres vs 12 for Blues.
Overtime #1
0:01 of 1st overtime period - Derick Brassard wins face-off versus Taylor Pyatt in neutral zone.
0:06 of 1st overtime period - Wrist shot by Nicklas Lidstrom.
0:06 of 1st overtime period - Shot Misses the Net.
0:08 of 1st overtime period - Slapshot by Nicklas Lidstrom.
0:08 of 1st overtime period - Shot Blocked by Taylor Pyatt.
0:10 of 1st overtime period - Wrist shot by Patrick Marleau.
0:10 of 1st overtime period - Shot Misses the Net.
0:12 of 1st overtime period - Slapshot by Nicklas Lidstrom.
0:12 of 1st overtime period - Shot Misses the Net.
0:14 of 1st overtime period - Snap shot by Patrick Marleau.
0:14 of 1st overtime period - Shot Misses the Net.
0:16 of 1st overtime period - Snap shot by Nicklas Lidstrom.
0:16 of 1st overtime period - Shot Misses the Net.
1:31 of 1st overtime period - Ole-Kristian Tollefsen is hit by Bryce Lampman and loses puck.
1:38 of 1st overtime period - Penalty to Ales Kotalik is over, Ales Kotalik is back on ice.
2:09 of 1st overtime period - Slapshot by Brent Burns.
2:09 of 1st overtime period - Shot Misses the Net.
2:15 of 1st overtime period - Ole-Kristian Tollefsen is hit by Travis Zajac and loses puck.
2:56 of 1st overtime period - Niclas Bergfors is hit by Dan Boyle and loses puck.
3:44 of 1st overtime period - Brent Burns is hit by Jiri Hudler and loses puck.
4:39 of 1st overtime period - Kevin Shattenkirk is hit by Tyler Sloan.
Goals for this period are 0 for Sabres vs 0 for Blues.
Shots for this period are 0 for Sabres vs 0 for Blues.
ShootOut
5:00 of 1st overtime period - Penalty Shot by Patrick Marleau for Sabres.
5:00 of 1st overtime period - Deke by Patrick Marleau.
5:00 of 1st overtime period - Stopped by Tuukka Rask.
5:00 of 1st overtime period - Penalty Shot by David Perron for Blues.
5:00 of 1st overtime period - Snap shot by David Perron.
5:00 of 1st overtime period - Stopped by Evgeni Nabokov.
5:00 of 1st overtime period - Penalty Shot by Niclas Bergfors for Sabres.
5:00 of 1st overtime period - Backhand shot by Niclas Bergfors.
5:00 of 1st overtime period - Goal by Niclas Bergfors.
5:00 of 1st overtime period - Penalty Shot by Joe Pavelski for Blues.
5:00 of 1st overtime period - Wrist shot by Joe Pavelski.
5:00 of 1st overtime period - Goal by Joe Pavelski.
5:00 of 1st overtime period - Penalty Shot by Ryan Hollweg for Sabres.
5:00 of 1st overtime period - Deke by Ryan Hollweg.
5:00 of 1st overtime period - Shot Misses the Net.
5:00 of 1st overtime period - Penalty Shot by Marian Hossa for Blues.
5:00 of 1st overtime period - Deke by Marian Hossa.
5:00 of 1st overtime period - Stopped by Evgeni Nabokov.
5:00 of 1st overtime period - Penalty Shot by Viktor Kozlov for Sabres.
5:00 of 1st overtime period - Wrist shot by Viktor Kozlov.
5:00 of 1st overtime period - Stopped by Tuukka Rask.
5:00 of 1st overtime period - Penalty Shot by Travis Zajac for Blues.
5:00 of 1st overtime period - Backhand shot by Travis Zajac.
5:00 of 1st overtime period - Stopped by Evgeni Nabokov.
5:00 of 1st overtime period - Penalty Shot by Derick Brassard for Sabres.
5:00 of 1st overtime period - Backhand shot by Derick Brassard.
5:00 of 1st overtime period - Goal by Derick Brassard.
5:00 of 1st overtime period - Penalty Shot by Nik Antropov for Blues.
5:00 of 1st overtime period - Wrist shot by Nik Antropov.
5:00 of 1st overtime period - Shot Misses the Net.
Output by the SimonT Hockey Simulator (STHS) for François Prévost -- Original Page W3C XHTML 1.0 Valid